 Dungeon Crawl Stone Soup version 0.21.1-1-g345015f (webtiles) character file.

71 Monsterracer the Firebug (level 4, 0/27 HPs)
             Began as an Octopode Fire Elementalist on Mar 25, 2018.
             Was an Initiate of Ru.
             Slain by Sigmund
             ... wielding a +4 antimagic scythe
              (7 damage)
             ... on level 2 of the Dungeon.
             The game lasted 00:03:03 (2500 turns).

Monsterracer the Firebug (OpFE)                     Turns: 2500, Time: 00:03:03

Health: 0/27       AC:  1    Str:  7    XL:     4   Next: 24%
Magic:  1/7        EV: 13    Int: 23    God:    Ru [......]
Gold:   108        SH:  0    Dex: 12    Spells: 1/8 levels left

rFire    . . .     SeeInvis .   i - +0 dagger
rCold    . . .     Gourm    .   (no shield)
rNeg     . . .     Faith    .   (helmet restricted)
rPois    .         Spirit   .   (no amulet)
rElec    .         Reflect  .   (no ring)
rCorr    .         Harm     .   (no ring)
MR       .....                  (no ring)
Stlth    ++........             (no ring)
HPRegen  0.09/turn              (no ring)
MPRegen  0.10/turn              (no ring)
                                (no ring)
                                (no ring)

@: confused, brilliant, flying, hasted, very quick
A: almost no armour, stealthy swim, amphibious, 8 rings, constrict 8, camouflage
1, gelatinous body 1
a: Renounce Religion


You were on level 2 of the Dungeon.
You worshipped Ru.
Ru was noncommittal.
You were hungry.

You visited 1 branch of the dungeon, and saw 2 of its levels.

You collected 108 gold pieces.

Inventory:

Hand Weapons
 i - a +0 dagger (weapon)
Scrolls
 b - 4 scrolls of identify {unknown}
 e - a scroll of random uselessness {unknown}
 g - a scroll of fog {unknown}
Potions
 j - a potion of brilliance
Books
 a - a book of Flames

   Spells                             Type                      Level
   a - Flame Tongue                   Conjuration/Fire             1
   b - Throw Flame                    Conjuration/Fire             2
   c - Conjure Flame                  Conjuration/Fire             3
   d - Inner Flame                    Hexes/Fire                   3
   e - Sticky Flame                   Conjuration/Fire             4
   f - Fireball                       Conjuration/Fire             5
Comestibles
 c - 2 rations


   Skills:
 - Level 2.0 Dodging
 - Level 2.6 Stealth
 + Level 2.5 Spellcasting
 * Level 2.5 Conjurations
 * Level 3.9 Fire Magic


You had one spell level left.
You knew the following spells:

 Your Spells              Type           Power        Failure   Level  Hunger
a - Flame Tongue          Conj/Fire      ####.        1%          1    None
b - Conjure Flame         Conj/Fire      ####....     1%          3    ###....
r - Inner Flame           Hex/Fire       ####....     1%          3    ###....


Dungeon Overview and Level Annotations

Branches:
Dungeon (2/15)

Altars:
Ru

Annotations:
D:2 Sigmund


Innate Abilities, Weirdness & Mutations

You cannot wear most types of armour.
You are very stealthy in the water. (Stealth+)
You are amphibious.
You can wear up to eight rings at the same time.
You can use your tentacles to constrict eight enemies at once.
Your skin changes colour to match your surroundings (Stealth+).
Your rubbery body absorbs attacks. (AC +1, EV +1)


Message History

Confirm with . or Enter, or press ? or * to list all spells.
Aiming: Flame Tongue
Press: ? - help, Shift-Dir - straight line, f/p - adder
Aim: an adder (lightly wounded)
The flame tongue misses the adder.
The adder misses you. The adder barely misses you.
You now have 1/7 mp.
Casting: Flame Tongue
Confirm with . or Enter, or press ? or * to list all spells.
Aiming: Flame Tongue
Press: ? - help, Shift-Dir - straight line, f/p - adder
Aim: an adder (lightly wounded)
The flame tongue hits the adder.
The adder is moderately wounded.
The adder closely misses you.
You now have 0/7 mp.
Casting: Flame Tongue
Confirm with . or Enter, or press ? or * to list all spells.
You don't have enough magic to cast that spell.
You closely miss the adder. Your grab misses the adder.
The adder is moderately wounded.
The adder completely misses you.
Unknown command.
You hit the adder but do no damage. You grab the adder. You squeeze the adder.
The adder is severely wounded.
You constrict the adder. The adder closely misses you.
You hit the adder.
The adder is almost dead.
You constrict the adder.
You kill the adder!
You see here an adder corpse.
You butcher the adder corpse.
j - a chunk of flesh You are feeling very hungry.
Eating a chunk of flesh.
You eat the chunk of flesh.
This raw flesh tastes terrible.
j - 2 inky potions Health restored: 27; MP restored: 7 You see here a dagger.
Partly explored, can't reach some places.
Partly explored, can't reach some places.
Partly explored, can't reach some places.
Casting: Flame Tongue
Confirm with . or Enter, or press ? or * to list all spells.
Aiming: Flame Tongue
Press: ? - help, Shift-Dir - straight line, f - Sigmund
Aim: Sigmund, wielding an antimagic scythe and wearing a robe (resting)
The flame tongue hits Sigmund.
Sigmund is lightly wounded.
Sigmund shouts!
You now have 6/7 mp.
Casting: Flame Tongue
Confirm with . or Enter, or press ? or * to list all spells.
Aiming: Flame Tongue
Press: ? - help, Shift-Dir - straight line, f/p - Sigmund
Aim: Sigmund, wielding an antimagic scythe and wearing a robe (lightly wounded)
The flame tongue misses Sigmund.
Sigmund casts a spell.
Sigmund flickers and vanishes!
Deactivating autopickup; reactivate with Ctrl-A.
You now have 5/7 mp.
Unknown command.
A puff of flame appears from out of thin air!
The puff of flame hits you!
You take 11 damage, and have 16/27 hp.
MASSIVE DAMAGE!!
You are confused.
It was a potion of brilliance.
You feel clever all of a sudden.
It was a potion of haste.
You feel yourself speed up.
It was a potion of flight.
You feel very buoyant.
You fly up into the air.
You hear some strange, mumbled words.
A puff of flame appears from out of thin air!
The puff of flame misses you.
It was a potion of heal wounds.
You feel much better. Something hits you!
You feel your power leaking away.
You regained 3 hp, and now have 19/27 hp.
You now have 1/7 mp.
You bump into the rock wall.
You feel less confused.
Casting: Flame Tongue
Confirm with . or Enter, or press ? or * to list all spells.
You don't have enough magic to cast that spell.
Something barely misses you.
You hit something.
Casting: Flame Tongue
Confirm with . or Enter, or press ? or * to list all spells.
Aiming: Flame Tongue
Press: ? - help, Shift-Dir - straight line The flame tongue hits something.
You hear some strange, mumbled words.
You are confused.
You now have 0/7 mp.
You bump into the rock wall.
Something hits you!
* * * LOW HITPOINT WARNING * * *
You take 13 damage, and have 7/27 hp.
MASSIVE DAMAGE!!
You are feeling hungry.
Something hits you!
You die...

.###.#...##..........##.....#
.........#...............#..#
.........##...##.##..##).#..#
.#.#.##..##.................#
.#.#.##..##.#.##.##..##..#..#
............................##
..............##.##..#.......#
....(....#..?...........##..##
##.#.##.........@....#..##..#
.#.#.##..#..#.##{###.#..##..#
.....................#..##..#
.................###.#..##..#
####.##..#..#.######.#..##..#
.##..#..................#
#..#.##.######.##.###.#
#..#.##.# #.#### #.# #.%#.##.#
#.# #.#


There were no monsters in sight!

Vanquished Creatures
  3 adders (D:2)
  2 dart slugs
  2 leopard geckos
  An orc (D:2)
  11 bats
  3 giant cockroaches
  3 goblins
  5 hobgoblins
  A frilled lizard (D:2)
  6 kobolds
  A rat (D:1)
38 creatures vanquished.

Notes
Turn   | Place    | Note
-------+----------+-------------------------------------------
     0 | D:1      | Monsterracer the Octopode Fire Elementalist began the quest for the Orb.
     0 | D:1      | Reached XP level 1. HP: 11/11 MP: 3/3
   444 | D:1      | Reached XP level 2. HP: 17/17 MP: 3/5
   486 | D:1      | HP: 5/17 [kobold/whip (4)]
  1166 | D:1      | Reached XP level 3. HP: 21/21 MP: 2/6
  1177 | D:1      | Learned a level 3 spell: Inner Flame
  1241 | D:1      | You fall through a shaft!
  1569 | D:2      | Found a sacrificial altar of Ru.
  1576 | D:2      | Became a worshipper of Ru the Awakened
  1643 | D:2      | Noticed Sigmund
  1995 | D:2      | Reached XP level 4. HP: 23/27 MP: 2/7
  2088 | D:2      | Learned a level 3 spell: Conjure Flame
  2498 | D:2      | HP: 7/27 [something (13)]
  2500 | D:2      | Slain by Sigmund

Skill      XL: |  1  2  3 |
---------------+----------+-----
Conjurations   | 2 |  2.5
Dodging        | |  2.0
Stealth        | |  2.6
Spellcasting   | |  2.5
Fire Magic     | |  3.9

Action                   |  1- 3 |  4- 6 || total
-------------------------+-------+-------++-------
Melee: Unarmed           |    23 |       ||    23
       Constrict         |     9 |     1 ||    10
       Tentacles         |     3 |     1 ||     4
       Dagger            |       |     4 ||     4
 Cast: Flame Tongue      |    67 |    11 ||    78
  Use: Potion            |       |     4 ||     4
  Eat: Chunk             |     4 |     1 ||     5
Armor: Skin              |    23 |       ||    23
Dodge: Dodged            |    59 |    10 ||    69

Vault maps used:
D:1:      scummos_arrival_forest, glass_columns_b
D:2:      hangedman_ru_absence, serial_bayou, serial_bayou_shore_b,
          serial_bayou_ford_a, serial_bayou_shore_b, serial_bayou_crossing,
          uniq_sigmund
